 Dungeon Sprint DCSS version 0.30-a0-824-g6c64550be9 (webtiles) character file.

Game seed: 17990010669755008647

6300000 ytrimaz the Conqueror (level 25, -30/304 HPs)
             Began as a Demonspawn Gladiator on Feb 27, 2023.
             Was the Champion of Makhleb.
             Annihilated by a meat berserker
             ... wielding a +9 battleaxe
              (54 damage)
             ... in the Dungeon (Sprint VIII: "Arena of Blood").
             The game lasted 00:01:48 (63 turns).

ytrimaz the Conqueror (Demonspawn Gladiator)          Turns: 63, Time: 00:01:49

Health: -30/304    AC:  8    Str: 17    XL:     25   Next: 44%
Magic:  26/54      EV: 36    Int: 10    God:    Makhleb [******]
Gold:   0          SH:  6    Dex: 24    Spells: 78/78 levels left

rFire   . . .      SeeInvis .    k - +∞ Axe of Woe
rCold   . . .      Faith    .    (shield currently unavailable)
rNeg    . . .      Spirit   .    a - +0 leather armour
rPois   .          Reflect  .    b - +0 helmet
rElec   .          Harm     .    (no cloak)
rCorr   .          Rampage  .    (no gloves)
Will    +....      NoTele   +    (boots unavailable)
Stlth   ++++++++++               (no amulet)
HPRegen 0.70/turn                (no ring)
MPRegen 0.34/turn                (no ring)

@: no status effects
A: hooves 3, large bone plates 2, ignite blood 2, robust 3, demonic magic 3
a: Renounce Religion, Minor Destruction, Lesser Servant of Makhleb, Major
Destruction, Greater Servant of Makhleb


You were in the Dungeon.
You worshipped Makhleb.
Makhleb was exalted by your worship.
You visited 1 branch


Innate Abilities, Weirdness & Mutations

You have hooves in place of feet.
You are mostly covered in large bone plates. (SH +6)
Your demonic aura often causes spilled blood to erupt in flames.
You are extremely robust. (+30% HP)
Spells you cast and wands you use may paralyse nearby enemies.


   Skills:
 O Level 27 Fighting
 + Level 15.7(18.3) Short Blades
 + Level 15.7(18.3) Long Blades
 O Level 27 Axes
 O Level 27 Maces & Flails
 O Level 27 Polearms
 + Level 15.6(27) Staves
 + Level 15.8 Ranged Weapons
 O Level 27 Throwing
 O Level 27 Armour
 O Level 27 Dodging
 O Level 27 Stealth
 + Level 15.7 Shields
 O Level 27 Unarmed Combat
 O Level 27 Spellcasting
 + Level 17.1 Conjurations
 + Level 17.0 Hexes
 + Level 17.0 Summonings
 + Level 18.5 Necromancy
 + Level 15.7 Translocations
 + Level 15.7 Transmutations
 + Level 15.7 Fire Magic
 + Level 15.6 Ice Magic
 + Level 15.6 Air Magic
 + Level 15.5 Earth Magic
 + Level 17.1 Poison Magic
 O Level 27 Invocations
 + Level 17.0 Evocations


You had 78 spell levels left.
You didn't know any spells.
Your spell library was empty.

Inventory:

Hand Weapons
 k - the +∞ Axe of Woe (weapon)
   (You found it in the Dungeon)
Missiles
 c - 3 throwing nets (quivered)
 d - a javelin
Armour
 a - a +0 leather armour (worn)
 b - a +0 helmet (worn)
Scrolls
 j - a scroll of blinking
Potions
 e - a potion of curing
 f - a potion of heal wounds
 g - a potion of haste
 h - 2 potions of magic
 i - a potion of berserk rage

Dungeon Overview and Level Annotations

Branches:
Dungeon (1/1) Zot: 27000

Altars:
Makhleb

Annotations:
D The Captor

..........#.#......
..................#
#.............W.o..
.#..............°..
........V.○....°..
......O))°)☼°oO.O
#))☼.§☼)# .
#))W☼§°O#
Vo.###))§§§°@###.
.....§o)###§oO@.o..2
#.....))._V...ooL...
......#))2).#....§..
......#_.<._#..Oz...
......#.....#....O.#
#........_......Woo.
........###........L
...###... ..###.


You could see 2 meat beasts, 2 tyrants, 2 destroyers, a sculptor of flesh, a
large bag of meat (inner flame), 3 dreads, 4 meat berserkers, The Captor and 8
bags of meat.


Message History

You chop the meat berserker into pieces.
You kill the meat berserker!
Makhleb accepts your kill.
You feel better.
You slice the bag of meat!!
You slaughter the bag of meat joyfully.
You kill the bag of meat!
Makhleb accepts your kill.
You feel better.
You slash the destroyer!
You cleave the destroyer in twain.
You destroy the destroyer!
Makhleb accepts your kill.
You feel better.
You slice the meat berserker!!
You cleave the meat berserker in twain.
You kill the meat berserker!
Makhleb accepts your kill.
You feel better.
You hear a shout!
A meat berserker comes into view. It is wielding a +9 battleaxe.
You hear a shout!
The large bag of meat is engulfed in blazing flames.
You hear a shout! x2
The bag of meat is engulfed in blazing flames.
You hear a shout! x2
A meat beast comes into view.
You hear a shout! x2
The dread calls on the powers of darkness!
The bag of meat convulses! x2; The large bag of meat convulses!
Flame seeps out of the large bag of meat.
The meat berserker convulses!
The bag of meat convulses!
Your body is wracked with pain!
* * * LOW HITPOINT WARNING * * *
The meat berserker convulses!
The bag of meat convulses!
Your base Short Blades skill increases to level 15!
Your base Long Blades skill increases to level 15!
Your base Staves skill increases to level 15!
Your Ranged Weapons skill increases to level 15!
Your Shields skill increases to level 15!
Your Conjurations skill increases to level 16!
Your Hexes skill increases to level 16!
Your Summonings skill increases to level 16!
Your Necromancy skill increases to level 18!
Your Translocations skill increases to level 15!
Your Transmutations skill increases to level 15!
Your Fire Magic skill increases to level 15!
Your Ice Magic skill increases to level 15!
Your Air Magic skill increases to level 15!
Your Earth Magic skill increases to level 15!
Your Poison Magic skill increases to level 16!
Your Evocations skill increases to level 16!
A meat berserker comes into view. It is wielding a +9 battleaxe.
Unknown command.
The meat beast bellows!
You hit the meat berserker.
You slaughter the meat berserker joyfully.
You kill the meat berserker!
Makhleb accepts your kill.
You slash the bag of meat! You chop the bag of meat into pieces.
You kill the bag of meat!
Makhleb accepts your kill.
You feel better.
You hit the bag of meat but do no damage.
You cleave the bag of meat in twain.
You kill the bag of meat!
Makhleb accepts your kill.
You feel better.
The dread appears out of thin air!
A dread comes into view.
You hear a shout!
A meat berserker comes into view. It is wielding a +9 battleaxe.
The destroyer casts a spell at you.
The destroyer blinks!
The large bag of meat is engulfed in blazing flames.
You hear a shout! x3; You hear two shouts!
Your Conjurations skill increases to level 17!
Your Hexes skill increases to level 17!
Your Summonings skill increases to level 17!
Your Poison Magic skill increases to level 17!
Your Evocations skill increases to level 17! 😮 HP[+51]
You regained 51 hp, and now have 188/304 hp.
A tyrant, a meat berserker and a bag of meat come into view.
The dread appears out of thin air!
A dread comes into view.
You hear a shout!
A meat beast comes into view.
You hear a shout! x2
The large bag of meat hits you with a +9 giant spiked club!!!!
* * * LOW HITPOINT WARNING * * *
The large bag of meat hits you with a +9 giant spiked club!!!
* * * LOW HITPOINT WARNING * * *
The destroyer points at you and mumbles some strange words.
The destroyer blinks!
The dread calls on the powers of darkness!
The bag of meat convulses!
The meat berserker convulses!
Your body is wracked with pain!
* * * LOW HITPOINT WARNING * * *
The bag of meat convulses!
You hear a shout! x6
The meat berserker is engulfed in blazing flames.
The meat berserker hits you with a +9 battleaxe!!!
You die...

Skill      XL: |  1  2  3  4  5  6  7  8  9 10 11 12 13 14 15 16 17 18 19 20 21 22 23 24 25 |
---------------+----------------------------------------------------------------------------+-----
Fighting       | 17 20 22 26 27 | 27.0
Axes           | 16 18 21 24 26 27 | 27.0
Armour         | 16 18 21 24 26 27 | 27.0
Dodging        | 16 18 21 24 26 27 | 27.0
Maces & Flails | 9 15 18 22 26 27 | 27.0
Polearms       | 9 15 18 22 26 27 | 27.0
Throwing       | 9 15 18 22 26 27 | 27.0
Stealth        | 10 16 19 23 27 | 27.0
Unarmed Combat | 9 15 18 22 26 27 | 27.0
Spellcasting   | 9 15 18 22 26 27 | 27.0
Invocations    | 12 21 24 27 | 27.0
Short Blades   | 7 11 14 15 | 15.7
Long Blades    | 7 11 14 15 | 15.7
Staves         | 7 11 14 15 | 15.6
Ranged Weapons | 7 11 14 15 | 15.8
Shields        | 7 11 14 15 | 15.7
Conjurations   | 7 12 15 17 | 17.1
Hexes          | 7 12 15 17 | 17.0
Summonings     | 7 12 15 17 | 17.0
Necromancy     | 8 13 17 18 | 18.5
Translocations | 7 11 14 15 | 15.7
Transmutations | 7 11 14 15 | 15.7
Fire Magic     | 7 11 14 15 | 15.7
Ice Magic      | 7 11 14 15 | 15.6
Air Magic      | 7 11 14 15 | 15.6
Earth Magic    | 7 11 14 15 | 15.5
Poison Magic   | 7 12 15 17 | 17.1
Evocations     | 7 12 15 17 | 17.0

Action                     |  1- 3 |  4- 6 |  7- 9 | 10-12 | 13-15 | 16-18 | 19-21 | 22-24 | 25-27 || total
---------------------------+-------+-------+-------+-------+-------+-------+-------+-------+-------++-------
  Melee: Executioner's axe |     1 |       |       |       |     6 |     7 |    11 |    11 |     2 ||    38
 Armour: Leather armour    |       |       |       |       |       |       |     1 |       |       ||     1
  Dodge: Dodged            |       |       |       |       |       |     1 |     2 |     1 |       ||     4
  Block: Other             |       |       |       |       |       |       |     1 |       |       ||     1

Levels and vault maps discovered:
D:        meatsprint

Notes
Turn   | Place    | Note
-------+----------+-------------------------------------------
     0 | D        | Found the +∞ Axe of Woe
     0 | D        | ytrimaz the Demonspawn Gladiator began the quest for the
                  | Orb.
     0 | D        | Reached XP level 1. HP: 16/16 MP: 1/1
     0 | D        | magus.rc [v1.9.6]
     1 | D        | Noticed a bag of meat
     3 | D        | Became a worshipper of Makhleb the Destroyer
     6 | D        | Noticed a meat berserker
     9 | D        | Noticed a meat berserker
    11 | D        | Killed a meat berserker
    11 | D        | Killed a meat berserker
    11 | D        | Reached * piety under Makhleb
    11 | D        | Noticed a bag of meat
    12 | D        | Reached skill level 17 in Fighting
    12 | D        | Reached skill level 16 in Axes
    12 | D        | Reached skill level 16 in Armour
    12 | D        | Reached skill level 16 in Dodging
    12 | D        | Gained mutation: You have large cloven feet. [demonic
                  | ancestry]
    12 | D        | Reached XP level 2. HP: 48/48 MP: 2/2
    12 | D        | Reached XP level 3. HP: 54/54 MP: 3/3
    12 | D        | Gained mutation: Spells you cast may paralyse adjacent
                  | enemies. [demonic ancestry]
    12 | D        | Reached XP level 4. HP: 62/62 MP: 4/4
    12 | D        | Reached XP level 5. HP: 68/68 MP: 5/5
    12 | D        | Gained mutation: You have hoof-like feet. [demonic
                  | ancestry]
    12 | D        | Reached XP level 6. HP: 75/75 MP: 6/6
    12 | D        | Gained mutation: Spells you cast may paralyse nearby
                  | enemies. [demonic ancestry]
    12 | D        | Reached XP level 7. HP: 81/81 MP: 7/7
    12 | D        | Gained mutation: Your demonic aura sometimes causes spilled
                  | blood to erupt in flames. [demonic ancestry]
    12 | D        | Reached XP level 8. HP: 89/89 MP: 8/8
    12 | D        | Gained mutation: You have hooves in place of feet. [demonic
                  | ancestry]
    12 | D        | Reached XP level 9. HP: 95/95 MP: 9/9
    12 | D        | Gained mutation: Spells you cast and wands you use may
                  | paralyse nearby enemies. [demonic ancestry]
    12 | D        | Reached XP level 10. HP: 102/102 MP: 10/10
    12 | D        | Reached XP level 11. HP: 108/108 MP: 11/11
    12 | D        | Reached XP level 12. HP: 116/116 MP: 12/12
    12 | D        | Reached XP level 13. HP: 122/122 MP: 13/13
    12 | D        | Noticed a meat berserker
    13 | D        | Killed a bag of meat
    14 | D        | Reached skill level 18 in Fighting
    14 | D        | Reached skill level 17 in Axes
    14 | D        | Reached skill level 17 in Armour
    14 | D        | Reached skill level 17 in Dodging
    14 | D        | Noticed a bag of meat
    14 | D        | Noticed a bag of meat
    14 | D        | Noticed a meat berserker
    14 | D        | Noticed a meat berserker
    14 | D        | Noticed a meat berserker
    14 | D        | Noticed a meat berserker
    15 | D        | Noticed a bag of meat
    15 | D        | Noticed a bag of meat
    15 | D        | Noticed a meat berserker
    16 | D        | Killed a meat berserker
    17 | D        | Reached skill level 20 in Fighting
    17 | D        | Reached skill level 18 in Axes
    17 | D        | Reached skill level 18 in Armour
    17 | D        | Reached skill level 18 in Dodging
    17 | D        | Reached XP level 14. HP: 84/135 MP: 14/14
    17 | D        | Noticed a bag of meat
    17 | D        | Killed a meat berserker
    17 | D        | Reached ** piety under Makhleb
    17 | D        | Killed a bag of meat
    17 | D        | Noticed a bag of meat
    17 | D        | Noticed a meat berserker
    17 | D        | Noticed a bag of meat
    17 | D        | Noticed a bag of meat
    18 | D        | Reached skill level 21 in Fighting
    18 | D        | Reached skill level 20 in Axes
    18 | D        | Reached skill level 20 in Armour
    18 | D        | Reached skill level 20 in Dodging
    18 | D        | Killed a bag of meat
    18 | D        | Killed a bag of meat
    18 | D        | Reached *** piety under Makhleb
    18 | D        | Noticed a large bag of meat
    18 | D        | Noticed a meat berserker
    18 | D        | Noticed a bag of meat
    18 | D        | Noticed a bag of meat
    19 | D        | Reached skill level 22 in Fighting
    19 | D        | Reached skill level 21 in Axes
    19 | D        | Reached skill level 21 in Armour
    19 | D        | Reached skill level 21 in Dodging
    19 | D        | Reached XP level 15. HP: 134/148 MP: 15/15
    19 | D        | Killed a meat berserker
    19 | D        | Noticed a large bag of meat
    19 | D        | Noticed a large bag of meat
    20 | D        | Reached skill level 23 in Fighting
    20 | D        | Reached skill level 22 in Dodging
    20 | D        | Killed a meat berserker
    20 | D        | Killed a large bag of meat
    20 | D        | Reached **** piety under Makhleb
    20 | D        | Killed a meat berserker
    21 | D        | Reached skill level 26 in Fighting
    21 | D        | Reached skill level 24 in Axes
    21 | D        | Reached skill level 24 in Armour
    21 | D        | Reached skill level 24 in Dodging
    21 | D        | Gained mutation: Your demonic aura often causes spilled
                  | blood to erupt in flames. [demonic ancestry]
    21 | D        | Reached XP level 16. HP: 143/165 MP: 16/16
    21 | D        | Killed a meat berserker
    21 | D        | Killed a large bag of meat
    21 | D        | Reached ***** piety under Makhleb
    21 | D        | Noticed a destroyer
    22 | D        | Reached skill level 27 in Fighting
    22 | D        | Reached skill level 26 in Axes
    22 | D        | Reached skill level 26 in Armour
    22 | D        | Reached skill level 26 in Dodging
    22 | D        | Gained mutation: You are partially covered in large bone
                  | plates. (SH +4) [demonic ancestry]
    22 | D        | Reached XP level 17. HP: 136/174 MP: 17/17
    24 | D        | Killed a meat berserker
    24 | D        | Noticed a meat berserker
    25 | D        | Reached skill level 27 in Axes
    25 | D        | Reached skill level 27 in Armour
    25 | D        | Reached skill level 27 in Dodging
    25 | D        | Reached skill level 6 in Maces & Flails
    25 | D        | Reached skill level 6 in Polearms
    25 | D        | Reached skill level 6 in Throwing
    25 | D        | Reached skill level 7 in Stealth
    25 | D        | Reached skill level 7 in Unarmed Combat
    25 | D        | Reached skill level 6 in Spellcasting
    25 | D        | Reached skill level 9 in Invocations
    25 | D        | Killed a meat berserker
    26 | D        | Reached skill level 9 in Maces & Flails
    26 | D        | Reached skill level 9 in Polearms
    26 | D        | Reached skill level 9 in Throwing
    26 | D        | Reached skill level 10 in Stealth
    26 | D        | Reached skill level 9 in Unarmed Combat
    26 | D        | Reached skill level 9 in Spellcasting
    26 | D        | Reached skill level 12 in Invocations
    26 | D        | Gained mutation: You are mostly covered in large bone
                  | plates. (SH +6) [demonic ancestry]
    26 | D        | Reached XP level 18. HP: 182/182 MP: 17/31
    27 | D        | Reached skill level 10 in Polearms
    27 | D        | Reached skill level 10 in Throwing
    27 | D        | Reached skill level 10 in Unarmed Combat
    27 | D        | Reached skill level 13 in Invocations
    27 | D        | Killed a destroyer
    27 | D        | Reached ****** piety under Makhleb
    28 | D        | Reached skill level 12 in Maces & Flails
    28 | D        | Reached skill level 12 in Polearms
    28 | D        | Reached skill level 12 in Throwing
    28 | D        | Reached skill level 13 in Stealth
    28 | D        | Reached skill level 13 in Unarmed Combat
    28 | D        | Reached skill level 12 in Spellcasting
    28 | D        | Reached skill level 17 in Invocations
    28 | D        | Noticed a large bag of meat
    28 | D        | Noticed a large bag of meat
    28 | D        | Noticed an eight-headed meat hydra
    29 | D        | Killed a large bag of meat
    29 | D        | Noticed a destroyer
    30 | D        | Reached skill level 15 in Maces & Flails
    30 | D        | Reached skill level 15 in Polearms
    30 | D        | Reached skill level 15 in Throwing
    30 | D        | Reached skill level 16 in Stealth
    30 | D        | Reached skill level 15 in Unarmed Combat
    30 | D        | Reached skill level 15 in Spellcasting
    30 | D        | Reached skill level 21 in Invocations
    30 | D        | Reached XP level 19. HP: 162/189 MP: 17/38
    31 | D        | Reached skill level 16 in Maces & Flails
    31 | D        | Reached skill level 16 in Polearms
    31 | D        | Reached skill level 16 in Throwing
    31 | D        | Reached skill level 17 in Stealth
    31 | D        | Reached skill level 16 in Unarmed Combat
    31 | D        | Reached skill level 16 in Spellcasting
    31 | D        | Reached skill level 22 in Invocations
    32 | D        | Killed a meat berserker
    32 | D        | Noticed a destroyer
    33 | D        | Reached skill level 18 in Maces & Flails
    33 | D        | Reached skill level 18 in Polearms
    33 | D        | Reached skill level 18 in Throwing
    33 | D        | Reached skill level 19 in Stealth
    33 | D        | Reached skill level 18 in Unarmed Combat
    33 | D        | Reached skill level 18 in Spellcasting
    33 | D        | Reached skill level 24 in Invocations
    33 | D        | Reached XP level 20. HP: 195/197 MP: 18/42
    33 | D        | Noticed a meat berserker
    34 | D        | Reached skill level 20 in Stealth
    34 | D        | Reached skill level 25 in Invocations
    34 | D        | Killed a large bag of meat
    34 | D        | Noticed a large bag of meat
    35 | D        | Reached skill level 20 in Maces & Flails
    35 | D        | Reached skill level 20 in Polearms
    35 | D        | Reached skill level 20 in Throwing
    35 | D        | Reached skill level 21 in Stealth
    35 | D        | Reached skill level 20 in Unarmed Combat
    35 | D        | Reached skill level 20 in Spellcasting
    35 | D        | Reached skill level 27 in Invocations
    35 | D        | HP: 24/197 [large bag of meat/+9 giant spiked club (38)]
    35 | D        | Noticed a destroyer
    36 | D        | Killed a large bag of meat
    36 | D        | HP: 4/197 [spore (24)]
    36 | D        | Noticed a destroyer
    37 | D        | Reached skill level 22 in Stealth
    37 | D        | Noticed a meat berserker
    38 | D        | Reached skill level 21 in Throwing
    38 | D        | Reached skill level 21 in Unarmed Combat
    38 | D        | Killed a meat berserker
    38 | D        | Killed a destroyer
    38 | D        | Noticed a destroyer
    39 | D        | Reached skill level 22 in Maces & Flails
    39 | D        | Reached skill level 22 in Polearms
    39 | D        | Reached skill level 22 in Throwing
    39 | D        | Reached skill level 23 in Stealth
    39 | D        | Reached skill level 22 in Unarmed Combat
    39 | D        | Reached skill level 22 in Spellcasting
    39 | D        | Gained mutation: You are robust. (+10% HP) [demonic
                  | ancestry]
    39 | D        | Reached XP level 21. HP: 99/224 MP: 19/47
    39 | D        | Noticed a destroyer
    39 | D        | Noticed The Servant
    40 | D        | Reached skill level 24 in Stealth
    41 | D        | Killed a destroyer
    41 | D        | Noticed a large bag of meat
    42 | D        | Reached skill level 23 in Maces & Flails
    42 | D        | Reached skill level 23 in Polearms
    42 | D        | Reached skill level 23 in Throwing
    42 | D        | Reached skill level 25 in Stealth
    42 | D        | Reached skill level 23 in Unarmed Combat
    42 | D        | Reached skill level 23 in Spellcasting
    43 | D        | Killed The Servant
    43 | D        | Noticed a large bag of meat
    43 | D        | Noticed a destroyer
    44 | D        | Reached skill level 24 in Maces & Flails
    44 | D        | Reached skill level 24 in Polearms
    44 | D        | Reached skill level 24 in Throwing
    44 | D        | Reached skill level 26 in Stealth
    44 | D        | Reached skill level 24 in Unarmed Combat
    44 | D        | Reached skill level 24 in Spellcasting
    44 | D        | Killed a destroyer
    44 | D        | Killed a destroyer
    45 | D        | Reached skill level 26 in Maces & Flails
    45 | D        | Reached skill level 26 in Polearms
    45 | D        | Reached skill level 26 in Throwing
    45 | D        | Reached skill level 27 in Stealth
    45 | D        | Reached skill level 26 in Unarmed Combat
    45 | D        | Reached skill level 26 in Spellcasting
    45 | D        | Reached XP level 22. HP: 233/233 MP: 21/52
    47 | D        | Reached skill level 27 in Maces & Flails
    47 | D        | Reached skill level 27 in Polearms
    47 | D        | Reached skill level 27 in Throwing
    47 | D        | Reached skill level 27 in Unarmed Combat
    47 | D        | Reached skill level 27 in Spellcasting
    47 | D        | Reached skill level 1 in Short Blades
    47 | D        | Reached skill level 1 in Long Blades
    47 | D        | Reached skill level 1 in Staves
    47 | D        | Reached skill level 1 in Ranged Weapons
    47 | D        | Reached skill level 1 in Shields
    47 | D        | Reached skill level 1 in Conjurations
    47 | D        | Reached skill level 1 in Hexes
    47 | D        | Reached skill level 1 in Summonings
    47 | D        | Reached skill level 1 in Necromancy
    47 | D        | Reached skill level 1 in Translocations
    47 | D        | Reached skill level 1 in Transmutations
    47 | D        | Reached skill level 1 in Fire Magic
    47 | D        | Reached skill level 1 in Ice Magic
    47 | D        | Reached skill level 1 in Air Magic
    47 | D        | Reached skill level 1 in Earth Magic
    47 | D        | Reached skill level 1 in Poison Magic
    47 | D        | Reached skill level 1 in Evocations
    49 | D        | Killed a destroyer
    50 | D        | Reached skill level 4 in Short Blades
    50 | D        | Reached skill level 4 in Long Blades
    50 | D        | Reached skill level 4 in Staves
    50 | D        | Reached skill level 4 in Ranged Weapons
    50 | D        | Reached skill level 4 in Shields
    50 | D        | Reached skill level 5 in Conjurations
    50 | D        | Reached skill level 5 in Hexes
    50 | D        | Reached skill level 5 in Summonings
    50 | D        | Reached skill level 5 in Necromancy
    50 | D        | Reached skill level 4 in Translocations
    50 | D        | Reached skill level 4 in Transmutations
    50 | D        | Reached skill level 4 in Fire Magic
    50 | D        | Reached skill level 4 in Ice Magic
    50 | D        | Reached skill level 4 in Air Magic
    50 | D        | Reached skill level 4 in Earth Magic
    50 | D        | Reached skill level 5 in Poison Magic
    50 | D        | Reached skill level 5 in Evocations
    50 | D        | Killed a large bag of meat
    50 | D        | Killed a destroyer
    51 | D        | Reached skill level 7 in Short Blades
    51 | D        | Reached skill level 7 in Long Blades
    51 | D        | Reached skill level 7 in Staves
    51 | D        | Reached skill level 7 in Ranged Weapons
    51 | D        | Reached skill level 7 in Shields
    51 | D        | Reached skill level 7 in Conjurations
    51 | D        | Reached skill level 7 in Hexes
    51 | D        | Reached skill level 7 in Summonings
    51 | D        | Reached skill level 8 in Necromancy
    51 | D        | Reached skill level 7 in Translocations
    51 | D        | Reached skill level 7 in Transmutations
    51 | D        | Reached skill level 7 in Fire Magic
    51 | D        | Reached skill level 7 in Ice Magic
    51 | D        | Reached skill level 7 in Air Magic
    51 | D        | Reached skill level 7 in Earth Magic
    51 | D        | Reached skill level 7 in Poison Magic
    51 | D        | Reached skill level 7 in Evocations
    51 | D        | Gained mutation: You are very robust. (+20% HP) [demonic
                  | ancestry]
    51 | D        | Reached XP level 23. HP: 215/262 MP: 22/54
    51 | D        | Noticed a destroyer
    51 | D        | Noticed a tyrant
    53 | D        | Killed a large bag of meat
    53 | D        | Noticed a large bag of meat
    54 | D        | Reached skill level 8 in Short Blades
    54 | D        | Reached skill level 8 in Long Blades
    54 | D        | Reached skill level 8 in Staves
    54 | D        | Reached skill level 8 in Ranged Weapons
    54 | D        | Reached skill level 8 in Shields
    54 | D        | Reached skill level 9 in Conjurations
    54 | D        | Reached skill level 9 in Hexes
    54 | D        | Reached skill level 9 in Summonings
    54 | D        | Reached skill level 10 in Necromancy
    54 | D        | Reached skill level 8 in Translocations
    54 | D        | Reached skill level 8 in Transmutations
    54 | D        | Reached skill level 8 in Fire Magic
    54 | D        | Reached skill level 8 in Ice Magic
    54 | D        | Reached skill level 8 in Air Magic
    54 | D        | Reached skill level 8 in Earth Magic
    54 | D        | Reached skill level 9 in Poison Magic
    54 | D        | Reached skill level 9 in Evocations
    55 | D        | Reached skill level 9 in Short Blades
    55 | D        | Reached skill level 9 in Ranged Weapons
    55 | D        | Reached skill level 9 in Shields
    55 | D        | Reached skill level 9 in Air Magic
    55 | D        | Killed a destroyer
    56 | D        | Reached skill level 11 in Short Blades
    56 | D        | Reached skill level 11 in Long Blades
    56 | D        | Reached skill level 11 in Staves
    56 | D        | Reached skill level 11 in Ranged Weapons
    56 | D        | Reached skill level 11 in Shields
    56 | D        | Reached skill level 12 in Conjurations
    56 | D        | Reached skill level 12 in Hexes
    56 | D        | Reached skill level 12 in Summonings
    56 | D        | Reached skill level 13 in Necromancy
    56 | D        | Reached skill level 11 in Translocations
    56 | D        | Reached skill level 11 in Transmutations
    56 | D        | Reached skill level 11 in Fire Magic
    56 | D        | Reached skill level 11 in Ice Magic
    56 | D        | Reached skill level 11 in Air Magic
    56 | D        | Reached skill level 11 in Earth Magic
    56 | D        | Reached skill level 12 in Poison Magic
    56 | D        | Reached skill level 12 in Evocations
    56 | D        | Reached XP level 24. HP: 272/272 MP: 24/54
    57 | D        | Reached skill level 14 in Necromancy
    57 | D        | Reached skill level 13 in Evocations
    57 | D        | Noticed a destroyer
    57 | D        | Noticed a large bag of meat
    58 | D        | Killed a tyrant
    59 | D        | Reached skill level 13 in Short Blades
    59 | D        | Reached skill level 13 in Long Blades
    59 | D        | Reached skill level 13 in Staves
    59 | D        | Reached skill level 13 in Ranged Weapons
    59 | D        | Reached skill level 13 in Shields
    59 | D        | Reached skill level 14 in Conjurations
    59 | D        | Reached skill level 14 in Hexes
    59 | D        | Reached skill level 14 in Summonings
    59 | D        | Reached skill level 15 in Necromancy
    59 | D        | Reached skill level 13 in Translocations
    59 | D        | Reached skill level 13 in Transmutations
    59 | D        | Reached skill level 13 in Fire Magic
    59 | D        | Reached skill level 13 in Ice Magic
    59 | D        | Reached skill level 13 in Air Magic
    59 | D        | Reached skill level 13 in Earth Magic
    59 | D        | Reached skill level 14 in Poison Magic
    59 | D        | Reached skill level 14 in Evocations
    59 | D        | Noticed a dread
    59 | D        | Noticed a destroyer
    59 | D        | Noticed a tyrant
    60 | D        | Reached skill level 14 in Short Blades
    60 | D        | Reached skill level 14 in Long Blades
    60 | D        | Reached skill level 14 in Ranged Weapons
    60 | D        | Reached skill level 14 in Shields
    60 | D        | Reached skill level 15 in Conjurations
    60 | D        | Reached skill level 15 in Hexes
    60 | D        | Reached skill level 15 in Summonings
    60 | D        | Reached skill level 16 in Necromancy
    60 | D        | Reached skill level 14 in Translocations
    60 | D        | Reached skill level 14 in Transmutations
    60 | D        | Reached skill level 14 in Ice Magic
    60 | D        | Reached skill level 14 in Air Magic
    60 | D        | Reached skill level 15 in Poison Magic
    60 | D        | Reached skill level 15 in Evocations
    60 | D        | Noticed The Captor
    60 | D        | Noticed a dread
    61 | D        | Reached skill level 14 in Staves
    61 | D        | Reached skill level 17 in Necromancy
    61 | D        | Reached skill level 14 in Fire Magic
    61 | D        | Reached skill level 14 in Earth Magic
    61 | D        | Gained mutation: You are extremely robust. (+30% HP)
                  | [demonic ancestry]
    61 | D        | Reached XP level 25. HP: 137/304 MP: 25/54
    61 | D        | Killed a destroyer
    61 | D        | Noticed a meat beast
    62 | D        | Reached skill level 15 in Short Blades
    62 | D        | Reached skill level 15 in Long Blades
    62 | D        | Reached skill level 15 in Staves
    62 | D        | Reached skill level 15 in Ranged Weapons
    62 | D        | Reached skill level 15 in Shields
    62 | D        | Reached skill level 16 in Conjurations
    62 | D        | Reached skill level 16 in Hexes
    62 | D        | Reached skill level 16 in Summonings
    62 | D        | Reached skill level 18 in Necromancy
    62 | D        | Reached skill level 15 in Translocations
    62 | D        | Reached skill level 15 in Transmutations
    62 | D        | Reached skill level 15 in Fire Magic
    62 | D        | Reached skill level 15 in Ice Magic
    62 | D        | Reached skill level 15 in Air Magic
    62 | D        | Reached skill level 15 in Earth Magic
    62 | D        | Reached skill level 16 in Poison Magic
    62 | D        | Reached skill level 16 in Evocations
    63 | D        | Reached skill level 17 in Conjurations
    63 | D        | Reached skill level 17 in Hexes
    63 | D        | Reached skill level 17 in Summonings
    63 | D        | Reached skill level 17 in Poison Magic
    63 | D        | Reached skill level 17 in Evocations
    63 | D        | Noticed a dread
    63 | D        | Noticed a tyrant
    63 | D        | Noticed a meat beast
    63 | D        | HP: 45/304 [large bag of meat/+9 giant spiked club (60)]
    63 | D        | Annihilated by a meat berserker

Vanquished Creatures
  Harold (D)
  9 vampire knights (D)
  24 ogres (D)
  7 two-headed ogres (D)
  A lich (D)
  A hydra (D)
  43 orcs (D)
  6 skeletal warriors (D)
92 creatures vanquished.

Table legend:
 A = Non-vault XP
 B = Vault XP
 C = Vault XP percentage of total XP
 D = Non-vault monster count
 E = Vault monster count
 F = Vault count percentage of total count
                 A         B        C        D         E       F
            +---------+---------+-------+---------+---------+-------
      Total |  739574 |  481109 |  39.4 |      44 |      48 |  52.2
            +---------+---------+-------+---------+---------+-------
          D |  739574 |  481109 |  39.4 |      44 |      48 |  52.2
            +---------+---------+-------+---------+---------+-------

Illustrated notes

Table legend:
 A = Kills in this place as a percentage of kills in entire the game.
 B = Kills by you in this place as a percentage of kills by you in the entire game.
 C = Kills by friends in this place as a percentage of kills by friends in the entire game.
 D = Other kills in this place as a percentage of other kills in the entire game.
 E = Experience gained in this place as a percentage of experience gained in the entire game.
 F = Experience gained in this place divided by the number of levels of this place that you have seen.
                   A       B       C       D       E      F
               +-------+-------+-------+-------+-------+----------------------
         Total | 100.0 | 100.0 |   N/A |   N/A | 100.0 | 1220683.0
       Dungeon | 100.0 | 100.0 |   N/A |   N/A | 100.0 | 1220683.0
               +-------+-------+-------+-------+-------+----------------------

Table legend: (Time is in decaauts)
 A = Elapsed time spent in this place.
 B = Non-inter-level travel time spent in this place.
 C = Inter-level travel time spent in this place.
 D = Time resting spent in this place.
 E = Time spent auto-exploring this place.
 F = Levels seen in this place.
 G = Mean time per level.
                   A        B        C        D        E       F      G
               +--------+--------+--------+--------+--------+-----+--------+
         Total |     53 |     53 |      0 |      0 |      0 |   1 |   53.0 |
       Dungeon |     53 |     53 |      0 |      0 |      0 |   1 |   53.0 |
               +--------+--------+--------+--------+--------+-----+--------+

Top non-repeatable levels by time:
       D: 53 daAuts
